 Dungeon Crawl Stone Soup version 0.24.0-13-gcf9b319 (webtiles) character file.

Game seed: 2680156446662200348, levelgen mode: deterministic

861 Fang the Skirmisher (level 8, -16/51 HPs)
             Began as a Gargoyle Berserker on Dec 4, 2019.
             Was a Priest of Trog.
             Killed from afar by a gargoyle (21 damage)
             ... with a stone arrow
             ... on level 5 of the Dungeon.
             The game lasted 00:05:08 (6485 turns).

Fang the Skirmisher (Gargoyle Berserker)            Turns: 6485, Time: 00:05:09

Health: -16/51     AC: 15    Str: 23    XL:     8   Next: 2%
Magic:  8/8        EV:  9    Int:  8    God:    Trog [***...]
Gold:   336        SH:  0    Dex:  9    Spells: 7/7 levels left

rFire    . . .     SeeInvis .   a - +0 hand axe
rCold    . . .     Gourm    .   (no shield)
rNeg     + . .     Faith    .   b - +0 chain mail
rPois    ∞         Spirit   .   (no helmet)
rElec    +         Reflect  .   (no cloak)
rCorr    .         Harm     .   (no gloves)
MR       ++...                  (no boots)
Stlth    ..........             (no amulet)
HPRegen  1.17/turn              (no ring)
MPRegen  0.11/turn              (no ring)

@: berserk cooldown, regenerating, slowed, very slow
A: negative energy resistance 1, electricity resistance, unbreathing,
petrification resistance, rot immunity, AC +5
a: Berserk, Trog's Hand, Renounce Religion


You were on level 5 of the Dungeon.
You worshipped Trog.
Trog was most pleased with you.
You were very hungry.

You visited 1 branch of the dungeon, and saw 5 of its levels.

You collected 336 gold pieces.

Inventory:

Hand Weapons
 a - a +0 hand axe (weapon)
Armour
 b - a +0 chain mail (worn)
Wands
 t - a wand of random effects (18)
Scrolls
 d - 4 scrolls of remove curse {unknown}
 i - a scroll of enchant armour {unknown}
 k - 2 scrolls of teleportation {unknown}
 l - 2 scrolls of fear {unknown}
 m - 2 scrolls of enchant weapon {unknown}
 n - 5 scrolls of identify {unknown}
 p - a scroll of magic mapping {unknown}
 r - a scroll of noise {unknown}
Potions
 e - 4 potions of curing {unknown}
 f - a potion of resistance {unknown}
 g - 2 potions of heal wounds {unknown}
 h - a potion of mutation {unknown}
 j - 2 potions of flight {unknown}
 o - a potion of might {unknown}
 q - a potion of degeneration {unknown}
 u - a potion of ambrosia {unknown}
Comestibles
 c - 5 rations
 s - 4 chunks of flesh


   Skills:
 + Level 5.8 Fighting
 + Level 4.8 Axes
 + Level 5.2 Armour
 + Level 3.8 Dodging


You had 7 spell levels left.
You didn't know any spells.
Your spell library was empty.

Dungeon Overview and Level Annotations

Branches:
Dungeon (5/15)
 Temple: D:4-7

Altars:
Gozag
Makhleb
Nemelex Xobeh
Uskayaw
Zin
The Shining One


Innate Abilities, Weirdness & Mutations

You are resistant to torment.
Your stone body is resilient. (AC +5)
You are immune to poison.
You resist negative energy. (rN+)
You are resistant to electric shocks. (rElec)
You can survive without breathing.
You are immune to petrification.
You are immune to rotting.


Message History

The gargoyle hits you but does no damage.
The gargoyle hits you but does no damage.
The gargoyle hurls a stone arrow at you.
The stone arrow hits you.
* * * LOW HITPOINT WARNING * * *
The gargoyle hurls a stone arrow at you.
The stone arrow hits you!
* * * LOW HITPOINT WARNING * * *
The gargoyle hurls a stone arrow at you.
The stone arrow misses you.
The gargoyle hurls a stone arrow at you.
The stone arrow hits you!
* * * LOW HITPOINT WARNING * * *
Your skin crawls.
You feel resistant to hostile enchantments.
You are feeling very hungry.
The gargoyle hits you but does no damage.
The gargoyle hurls a stone arrow at you.
The stone arrow hits you!!
You die...

### ### ##.## ##.##
##...##
##...###.....###########
#..........)..@9........
##...###...)..##.##.####
##)## ##..[......#.#
#####.### ##.##.......#
#.......# ####.......#
#.###.#.# ####.#### #.#
#.#.# #.# #.# #.# # #.#
#.# #.#.# ##'##


You could see a gargoyle.

Vanquished Creatures
  2 ice beasts
  Blork the orc (D:4)
  3 crimson imps (D:5)
  2 orc priests
  A centaur skeleton (D:5)
  A hound (D:5)
  A gnoll shaman (D:5)
  An orc wizard (D:5)
  2 worker ants (D:4)
  8 gnolls
  8 adders
  3 oozes
  2 worms
  3 dart slugs
  9 leopard geckos
  8 orcs
  5 giant cockroaches
  A goblin (D:3)
  12 hobgoblins
  14 jackals
  10 kobolds
  2 quokkas
  5 ball pythons
  8 bats
  5 frilled lizards (D:2)
  A quokka zombie (D:5)
  4 rats
122 creatures vanquished.

Notes
Turn   | Place    | Note
-------+----------+-------------------------------------------
     0 | D:1      | Fang the Gargoyle Berserker began the quest for the Orb.
     0 | D:1      | Reached XP level 1. HP: 14/14 MP: 1/1
   479 | D:1      | Reached XP level 2. HP: 15/19 MP: 2/2
   900 | D:1      | Reached XP level 3. HP: 20/23 MP: 3/3
  1067 | D:2      | Reached ** piety under Trog
  1070 | D:2      | HP: 1/36 [dart slug/slug dart (4)]
  1071 | D:2      | Reached XP level 4. HP: 2/29 MP: 4/4
  1632 | D:2      | Found a glowing golden altar of the Shining One.
  1909 | D:2      | Found a hide-covered altar of Uskayaw.
  2463 | D:3      | Found a glowing silver altar of Zin.
  2550 | D:3      | Reached XP level 5. HP: 21/33 MP: 5/5
  2704 | D:3      | Reached *** piety under Trog
  3026 | D:3      | Found an opulent altar of Gozag.
  3374 | D:4      | Noticed an ice beast
  3385 | D:4      | Killed an ice beast
  3385 | D:4      | Reached XP level 6. HP: 4/39 MP: 6/6
  3702 | D:4      | Noticed Blork the orc
  3716 | D:4      | Killed Blork the orc
  4043 | D:4      | HP: 1/40 [orc priest/divine providence (12)]
  4045 | D:4      | Reached skill level 5 in Fighting
  4554 | D:4      | Reached XP level 7. HP: 38/44 MP: 7/7
  5124 | D:5      | Entered Level 5 of the Dungeon
  5525 | D:5      | Found a sparkling altar of Nemelex Xobeh.
  5798 | D:5      | Found a burning altar of Makhleb.
  6088 | D:5      | Reached skill level 5 in Armour
  6456 | D:5      | Noticed a gargoyle
  6466 | D:5      | Reached XP level 8. HP: 32/51 MP: 8/8
  6483 | D:5      | HP: 1/51 [gargoyle/stone arrow (12)]
  6485 | D:5      | Killed from afar by a gargoyle

Levels and vault maps discovered:
D:1:      elethiomel_arrival_shortcut, layout_basic, minmay_pentomino_x2
D:2:      layout_basic, tso_oasis_becter, old_standard_altar, serial_curves,
          eino_curves_04, eino_curves_02, minmay_fractal_squares_5
D:3:      layout_loops_ring, lemuel_coloured_pillars_altar,
          nicolae_gozag_cash_rules_everything_around_me,
          cheibrodos_sewer_entry_sluice, roderic_st_hans_cross
D:4:      layout_layer_cave, uniq_blork_the_orc
D:5:      layout_loops_corners, makhleb_grotto_becter,
          nemelex_xobeh_ov_fountains_minmay, first_ration

Skill      XL: |  1  2  3  4  5  6  7 |
---------------+----------------------+-----
Axes           | 3 4 |  4.8
Dodging        | 2 3 |  3.8
Armour         | 3 4 5 |  5.2
Fighting       | 4 5 |  5.8

Action                   |  1- 3 |  4- 6 |  7- 9 || total
-------------------------+-------+-------+-------++-------
Melee: Hand axe          |   114 |   270 |   459 ||   843
Invok: Berserk           |     1 |     4 |     2 ||     7
       Trog's Hand       |       |       |     3 ||     3
  Eat: Chunk             |     1 |    13 |     5 ||    19
       Ration            |       |     1 |     1 ||     2
Armor: Animal skin       |    50 |   123 |     6 ||   179
       Chain mail        |       |       |   259 ||   259
Dodge: Dodged            |   105 |   198 |   172 ||   475
